 Dungeon Crawl Stone Soup version 0.31-a0-1074-g0b22e4e0f1 (webtiles) character file.

Game seed: 1376857609282794614

129012 jlumianski the Grappler (level 17, -33/131 HPs)
             Began as a Gnoll Shapeshifter on Dec 5, 2023.
             Was the Champion of Wu Jian.
             Killed from afar by a crystal guardian (60 damage)
             ... with a crystal bolt
             ... on level 15 of the Dungeon on Dec 7, 2023.
             The game lasted 02:27:50 (21973 turns).

jlumianski the Grappler (Gnoll Shapeshifter)       Turns: 21973, Time: 02:27:50

Health: -33/131    AC: 25    Str: 19    XL:     17   Next: 4%
Magic:  30/31      EV: 15    Int: 12    God:    Wu Jian [******]
Gold:   510        SH:  5    Dex: 12    Spells: 14/37 levels left

rFire   x .          .
                       - Unarmed
rCold   . . .        (shield currently unavailable)
rNeg    . . .        r - quicksilver dragon scales
rPois   .            F - +2 helmet
rElec   .            p - +1 cloak
rCorr   +            (no gloves)
SInv    .            N - +1 pair of boots
Will    ++...        x - amulet of reflection
Stlth   ++           t - +4 ring of protection
HPRegen 0.41/turn    I - ring of Conformity {Wiz rCorr}
MPRegen 0.22/turn

%: random rage (3%), reflection, wizardry (x1)
@: flux-form, glowing
A: glow, contaminating, fangs 1, strong nose, distributed training, berserk 1,
heat vulnerability 1
a: Begin Untransformation, Renounce Religion, Wall Jump, Serpent's Lash,
Heavenly Storm


You were on level 15 of the Dungeon.
You worshipped Wu Jian.
Wu Jian was exalted by your worship.
You were something dangerously unstable.
You visited 3 branches of the dungeon, and saw 21 of its levels.
You visited 1 bazaar.
You also visited: Gauntlet.

You collected 1411 gold pieces.
You spent 901 gold pieces at shops.

Inventory:

Armour
 g - the +1 helmet of Imperfection {rC+}
   (You found it in a Gauntlet)

   rC+:       It protects you from cold.
 p - a +1 cloak (worn)
 r - quicksilver dragon scales (worn)
 w - a +4 scale mail of poison resistance
 F - a +2 helmet (worn)
 N - a +1 pair of boots (worn)
 W - the +5 scale mail of the Lumpy Friends {Fly rElec}
   (You found it on level 4 of the Lair of Beasts)

   rElec:     It insulates you from electricity.
   Fly:       It grants you flight.
Jewellery
 a - a ring of resist corrosion
 h - a ring of flight
 i - the ring of Ru's Fury {rPois rF+}
   (You found it in a Gauntlet)

   [ring of poison resistance]

   rF+:       It protects you from fire.
   rPois:     It protects you from poison
 s - a ring of positive energy
 t - a +4 ring of protection (left hand)
 x - an amulet of reflection (around neck)
 y - a ring of ice
 I - the ring of Conformity (right hand) {Wiz rCorr}
   (You found it on level 7 of the Dungeon)

   [ring of wizardry]

   Wiz:       It improves your spell success rate.
   rCorr:     It protects you from acid and corrosion.
 Q - a ring of protection from cold
 S - the amulet of Onoxkatt {Acrobat Rampage *Slow rPois Str+8}
   (You found it on level 1 of the Lair of Beasts)

   [amulet of the acrobat]

   Acrobat:   It increases your evasion while moving and waiting.
   Str+8:     It affects your strength (+8).
   rPois:     It protects you from poison *Slow: It may slow you when you take
   damage.
   Rampage:   It bestows one free step when moving towards enemies.
 T - a ring of fire
 X - a ring of see invisible
Talismans
 d - a flux talisman (active)
Wands
 c - a wand of mindburst (3)
 j - a wand of roots (3)
 L - a wand of flame (51)
 U - a wand of digging (3)
 Z - a wand of charming (4)
Scrolls
 k - 3 scrolls of blinking
 m - 11 scrolls of teleportation
 n - 4 scrolls of revelation
 o - a scroll of amnesia
 q - 2 scrolls of identify
 G - 4 scrolls of butterflies
 H - 4 scrolls of poison
 M - 2 scrolls of fog
 O - a scroll of fear
Potions
 b - 2 potions of lignification
 e - 6 potions of curing
 l - 2 potions of resistance
 u - 3 potions of enlightenment
 v - 3 potions of might
 z - 2 potions of cancellation
 A - a potion of magic
 E - a potion of ambrosia
 J - 3 potions of attraction
 K - 6 potions of haste
 V - a potion of berserk rage
Miscellaneous
 f - a lightning rod (4/4)
 D - a phantom mirror


   Skills:
 + Level 11.0 Fighting
 + Level 10.7 Short Blades
 + Level 10.7 Long Blades
 + Level 10.7 Axes
 + Level 10.7 Maces & Flails
 + Level 10.7 Polearms
 + Level 10.7 Staves
 + Level 10.7 Ranged Weapons
 + Level 10.7 Throwing
 + Level 10.7 Armour
 + Level 11.6 Dodging
 + Level 10.7 Stealth
 + Level 10.7 Shields
 + Level 12.5 Unarmed Combat
 + Level 10.7 Spellcasting
 + Level 9.0 Conjurations
 + Level 9.0 Hexes
 + Level 9.0 Summonings
 + Level 9.0 Necromancy
 + Level 9.0 Translocations
 + Level 9.0 Transmutations
 + Level 9.0 Fire Magic
 + Level 9.0 Ice Magic
 + Level 9.0 Air Magic
 + Level 9.0 Earth Magic
 + Level 9.0 Poison Magic
 + Level 11.6 Invocations
 + Level 10.7 Evocations
 + Level 11.7 Shapeshifting


You had 14 spell levels left.
You knew the following spells:

 Your Spells              Type           Power      Damage    Failure   Level
a - Call Imp              Summ           56%        N/A       1%          2
b - Mephitic Cloud        Conj/Pois/Air  28%        N/A       1%          3
c - Summon Lightning Spi  Summ/Air       28%        N/A       1%          4
d - Blink                 Tloc           56%        N/A       1%          2
e - Ignite Poison         Fire/Tmut/Pois 28%        N/A       1%          3
f - Agony                 Necr           28%        N/A       4%          5
g - Animate Dead          Necr           28%        N/A       1%          4

Your spell library contained the following spells:

 Spells                   Type           Power      Damage    Failure   Level
 Foxfire                  Conj/Fire      100%       2x1d9     1%          1
 Magic Dart               Conj           100%       1d8       1%          1
 Necrotise                Necr           100%       1d9       1%          1
 Cigotuvi's Dreadful Rot  Necr/Pois/Air  56%        N/A       1%          2
 Static Discharge         Conj/Air       56%        3-6/arc   1%          2
 Vampiric Draining        Necr           28%        2d8       1%          3
 Airstrike                Air            14%        2d(2-18)  1%          4
 Iskenderun's Mystic Bla  Conj/Tloc      28%        2d7       1%          4
 Manifold Assault         Tloc           28%        N/A       1%          4
 Alistair's Intoxication  Tmut/Pois      18%        N/A       4%          5
 Freezing Cloud           Conj/Ice/Air   14%        6-21      4%          5
 Dispersal                Tloc           14%        N/A       26%         6
 Plasma Beam              Fire/Air       14%        2x1d25    26%         6
 Starburst                Conj/Fire      14%        6d6       26%         6
 Haunt                    Necr/Summ      14%        N/A       77%         7
 Malign Gateway           Summ/Tloc      14%        N/A       77%         7
 Disjunction              Tloc           14%        N/A       100%        8
 Infestation              Necr           14%        N/A       100%        8


Dungeon Overview and Level Annotations

Branches:
Dungeon (15/15)            Temple (1/1) D:6            Lair (5/5) D:11
 Shoals (0/4) Lair:3       Spider (0/4) Lair:3        Slime (0/5) Lair:5
    Orc (0/2) D:9          Vaults (0/5) D:14         Depths (0/4) D:15
Gauntlet (visited)

Altars:
Ashenzari
Cheibriados
Dithmenos
Elyvilon
Fedhas
Gozag
Hepliaklqana
Kikubaaqudgha
Makhleb
Nemelex Xobeh
Okawaru
Qazlal
Ru
Sif Muna
Trog
Uskayaw
Vehumet
Wu Jian
Xom
Yredelemnul
Zin
The Shining One
Jiyva

Shops:
D:4 *   D:11 [

Annotations:
D:15 exclusion: orange crystal statue, Louise
Temple 2 transporters


Innate Abilities, Weirdness & Mutations

You are something dangerously unstable.
You glow with magical radiation, making you easy to see and hit.
Foes you strike become dangerously contaminated with magical radiation.
You are incapable of wielding weapons or throwing items.
You have very sharp teeth.
Your uncanny sense of smell can sniff out nearby items.
Your experience applies equally to all skills.
You sometimes lose your temper in combat.
You are vulnerable to heat. (rF-)


Message History

The crystal guardian hits your lightning spire.
The crystal guardian fires a crystalline bolt at you.
The crystal bolt freezes Josephine!
Josephine resists.
The crystal bolt misses you.
The crystal bolt freezes your troll zombie!
Your troll zombie resists.
Josephine hits the crystal guardian but does no damage.
Your orc knight zombie hits the crystal guardian but does no damage.
You swap places.
The crystal guardian hits Josephine!!
Louise gestures at you while chanting.
The bolt of lightning hits the crystal guardian.
The crystal guardian completely resists.
The bolt of lightning hits the crystal guardian.
The crystal guardian completely resists.
The bolt of lightning hits Josephine!!
Josephine is destroyed!
The bolt of lightning hits your troll zombie!!
The bolt of lightning hits you!!
* * * LOW HITPOINT WARNING * * *
Your orc knight zombie hits the crystal guardian!
Your lightning spire shoots out a bolt of lightning at the crystal guardian!
The bolt of electricity hits the centaur warrior!
The bolt of electricity hits the crystal guardian.
The crystal guardian completely resists.
The bolt of electricity hits the crystal guardian but does no damage.
Your orc knight zombie hits the centaur warrior!
The centaur warrior hits your lightning spire with the +7 arbalest "Mounoi" {heavy, SInv}.
The centaur warrior kicks your lightning spire.
The crystal guardian fires a crystalline bolt at you.
The crystal bolt freezes your troll zombie!
Your troll zombie resists.
Your troll zombie is destroyed!
The crystal bolt misses you.
Okay, then.
The centaur warrior hits something with the +7 arbalest "Mounoi" {heavy, SInv}!
Your orc knight zombie hits the crystal guardian but does no damage.
The crystal guardian fires a crystalline bolt at you.
The crystal bolt burns you!!! The fire burns you terribly!
You die...

.Z.#.### #..## #. ..Z#...#
#...####. #.#Z#.### #~~~~~~~~
...#....# #~####### ##.#....# #~#
..(. #.#....# #~# [!...
#..#...### ##~##|.)..
##.#...[.##############8~##[}(..
###.##..........p....9.c9~~'..(.8
.Z..##.......#########Z#.~##.....
######.).....#########.#.~##.}.|!
.....))......##.........#~# ?....
######.......##.###......~# .?!.
#......)##.# #.##..#~#######
#......)...###.##...~~~~~~~~
############........##.....######
.Z.Z...# #.#<.######..#### ##


You could see a crystal guardian, a centaur warrior (unaware) and a friendly orc
knight zombie.

Vanquished Creatures
  Rupert (D:14)
  Kirke (D:14)
  2 azure jellies (Lair:5)
  Nessos (D:13)
  A minotaur (Gauntlet)
  An ettin (D:15)
  Josephine (D:15)
  A yaktaur captain (D:14)
  3 hydras
  A catoblepas (Lair:5)
  3 boulder beetles
  11 death yaks
  A two-headed ogre (D:8)
  A tengu warrior (D:15)
  3 centaur warriors
  A deep troll shaman (Lair:5)
  Sonja (Lair:1)
  2 skysharks (Lair:4)
  A deep troll (D:15)
  Pikel (D:7)
  4 lindwurms (Lair:4)
  3 deep elf pyromancers
  2 orc knights (D:15)
  13 ugly things
  2 necromancers (D:15)
  4 manticores
  10 elephants
  5 cyclopes
  A merfolk siren (Lair:3)
  A moth of wrath (Gauntlet)
  4 black mambas
  A smoke demon (Gauntlet)
  A cane toad (shapeshifter) (D:13)
  6 cane toads
  A kobold demonologist (D:13)
  3 unseen horrors
  3 torpor snails
  2 efreet
  5 komodo dragons
  2 yaktaurs (D:14)
  A red devil (Gauntlet)
  5 trolls
  Grinder (D:5)
  3 polar bears
  A raiju (shapeshifter) (D:13)
  11 blink frogs
  Sigmund (D:3)
  4 slime creatures
  4 wyverns
  2 culicivoras (Lair:3)
  32 yaks
  5 wraiths
  2 basilisks (Lair:3)
  2 hogs (D:14)
  A vampire (D:12)
  A golden eye (shapeshifter) (D:13)
  4 vampire mosquitoes
  2 wargs (D:15)
  12 water moccasins
  Duvessa (D:5)
  A sky beast (D:6)
  4 orc warriors
  2 black bears
  8 centaurs
  An ogre (D:4)
  26 wolves
  A phantom (D:4)
  A kobold brigand (D:10)
  12 bullfrogs
  A gnoll sergeant (D:8)
  A scorpion (D:4)
  8 wights
  Dowan (D:5)
  11 killer bees
  5 howler monkeys
  An electric eel (Lair:3)
  3 crimson imps (Gauntlet)
  2 jellies
  3 orc priests
  2 gnoll boudas
  4 hounds
  7 orc wizards
  Natasha (D:3)
  An iguana (D:6)
  4 hell rats (Lair:4)
  17 gnolls
  12 adders
  A shadow imp (D:6)
  A white imp (D:5)
  2 ufetubi (D:6)
  4 worms
  2 dart slugs (D:1)
  43 orcs
  10 ball pythons
  2 bats (D:1)
  9 endoplasms
  3 giant cockroaches
  10 goblins
  8 hobgoblins
  2 quokkas (D:1)
  3 frilled lizards
  12 kobolds
  7 rats
465 creatures vanquished.

Vanquished Creatures (collateral kills)
  A dire elephant (Lair:5)
  A boulder beetle (D:15)
  5 death yaks
  An elephant (Lair:4)
  2 blink frogs (Lair:5)
  A shadow (D:12)
  A wyvern (Lair:4)
  2 yaks (Lair:1)
  A water moccasin (Lair:2)
15 creatures vanquished.

Vanquished Creatures (others)
  A human (D:14)
  A human zombie (D:15)
  An elephant zombie (Lair:5)
  A troll zombie (D:15)
  4 wolf zombies (Lair:5)
  An endoplasm (D:2)
9 creatures vanquished.

Grand Total: 489 creatures vanquished

Notes
Turn   | Place    | Note
-------+----------+-------------------------------------------
     0 | D:1      | jlumianski the Gnoll Shapeshifter began the quest for the
                  | Orb.
     0 | D:1      | Reached XP level 1. HP: 17/17 MP: 1/1
   200 | D:2      | Found a shimmering blue altar of Sif Muna.
   214 | D:1      | Reached XP level 2. HP: 11/23 MP: 2/2
   684 | D:1      | Reached XP level 3. HP: 28/28 MP: 3/3
  1008 | D:2      | Reached skill level 1 in Invocations
  1095 | D:2      | Found a faded altar of an unknown god.
  1129 | D:2      | Reached skill level 1 in Short Blades
  1129 | D:2      | Reached skill level 1 in Long Blades
  1129 | D:2      | Reached skill level 1 in Axes
  1129 | D:2      | Reached skill level 1 in Maces & Flails
  1129 | D:2      | Reached skill level 1 in Polearms
  1129 | D:2      | Reached skill level 1 in Staves
  1129 | D:2      | Reached skill level 1 in Ranged Weapons
  1129 | D:2      | Reached skill level 1 in Throwing
  1129 | D:2      | Reached skill level 1 in Armour
  1129 | D:2      | Reached skill level 1 in Stealth
  1129 | D:2      | Reached skill level 1 in Shields
  1129 | D:2      | Reached skill level 1 in Spellcasting
  1129 | D:2      | Reached skill level 1 in Evocations
  1283 | D:3      | Reached XP level 4. HP: 31/34 MP: 5/5
  1320 | D:3      | Reached skill level 1 in Conjurations
  1320 | D:3      | Reached skill level 1 in Hexes
  1320 | D:3      | Reached skill level 1 in Summonings
  1320 | D:3      | Reached skill level 1 in Necromancy
  1320 | D:3      | Reached skill level 1 in Translocations
  1320 | D:3      | Reached skill level 1 in Transmutations
  1320 | D:3      | Reached skill level 1 in Fire Magic
  1320 | D:3      | Reached skill level 1 in Ice Magic
  1320 | D:3      | Reached skill level 1 in Air Magic
  1320 | D:3      | Reached skill level 1 in Earth Magic
  1320 | D:3      | Reached skill level 1 in Poison Magic
  1362 | D:3      | Reached XP level 5. HP: 28/40 MP: 6/6
  1449 | D:5      | Entered Level 5 of the Dungeon
  1705 | D:4      | Noticed an ogre
  1712 | D:4      | Killed an ogre
  1713 | D:4      | Reached skill level 5 in Dodging
  1713 | D:4      | Reached XP level 6. HP: 47/47 MP: 8/8
  1784 | D:5      | Noticed Grinder
  1788 | D:5      | Paralysed by Grinder for 5 turns
  1799 | D:5      | Killed Grinder
  1800 | D:5      | Reached skill level 7 in Unarmed Combat
  1800 | D:5      | Reached XP level 7. HP: 13/52 MP: 10/10
  2147 | D:6      | Found a staircase to the Ecumenical Temple.
  2158 | Temple   | Found a transporter.
  2158 | Temple   | Found a transporter.
  2158 | Temple   | Found a transporter.
  2158 | Temple   | Found a transporter.
  2158 | Temple   | Entered the Ecumenical Temple
  2177 | Temple   | Became a worshipper of the Wu Jian Council
  2644 | D:3      | Noticed Sigmund
  2653 | D:3      | Killed Sigmund
  2654 | D:3      | Reached XP level 8. HP: 56/60 MP: 10/12
  2876 | D:3      | Reached * piety under Wu Jian
  3204 | D:3      | Noticed Natasha
  3218 | D:3      | Killed Natasha
  3808 | D:4      | Found Bantod's General Store.
  3989 | D:5      | Noticed Dowan
  3989 | D:5      | Noticed Duvessa
  3997 | D:5      | Killed Dowan
  4004 | D:5      | Killed Duvessa
  4545 | D:7      | Reached ** piety under Wu Jian
  4547 | D:7      | Identified the ring of Conformity {Wiz rCorr}
  4554 | D:7      | Learned a level 2 spell: Call Imp
  4730 | D:6      | Gained mutation: You do not regenerate when monsters are
                  | visible. [potion of mutation]
  4730 | D:6      | Gained mutation: Your flesh is heat resistant. (rF+)
                  | [potion of mutation]
  4731 | D:6      | Lost mutation: Your flesh is heat resistant. (rF+) [potion
                  | of mutation]
  4731 | D:6      | Lost mutation: You do not regenerate when monsters are
                  | visible. [potion of mutation]
  4731 | D:6      | Gained mutation: You are vulnerable to heat. (rF-) [potion
                  | of mutation]
  4731 | D:6      | Gained mutation: You sometimes lose your temper in combat.
                  | [potion of mutation]
  5073 | D:6      | Reached XP level 9. HP: 46/66 MP: 14/14
  5374 | D:7      | Reached skill level 5 in Fighting
  5527 | D:8      | Reached skill level 8 in Unarmed Combat
  5685 | D:8      | Reached skill level 5 in Invocations
  5891 | D:7      | Noticed Pikel
  5904 | D:7      | Killed Pikel
  5905 | D:7      | Reached XP level 10. HP: 75/75 MP: 13/17
  6056 | D:8      | Found a glowing silver altar of Zin.
  6056 | D:8      | Noticed an angel
  6227 | D:9      | Noticed a two-headed ogre
  6247 | D:8      | Killed a two-headed ogre
  6248 | D:8      | Reached skill level 5 in Short Blades
  6248 | D:8      | Reached skill level 5 in Long Blades
  6248 | D:8      | Reached skill level 5 in Axes
  6248 | D:8      | Reached skill level 5 in Maces & Flails
  6248 | D:8      | Reached skill level 5 in Polearms
  6248 | D:8      | Reached skill level 5 in Staves
  6248 | D:8      | Reached skill level 5 in Ranged Weapons
  6248 | D:8      | Reached skill level 5 in Throwing
  6248 | D:8      | Reached skill level 5 in Armour
  6248 | D:8      | Reached skill level 5 in Stealth
  6248 | D:8      | Reached skill level 5 in Shields
  6248 | D:8      | Reached skill level 5 in Spellcasting
  6248 | D:8      | Reached skill level 5 in Evocations
  6563 | D:10     | Entered Level 10 of the Dungeon
  6785 | D:10     | Reached *** piety under Wu Jian
  6994 | D:10     | Learned a level 3 spell: Mephitic Cloud
  6999 | D:10     | Learned a level 4 spell: Summon Lightning Spire
  7051 | D:10     | Noticed an unseen horror
  7058 | D:10     | Killed an unseen horror
  7206 | D:9      | Found a staircase to the Orcish Mines.
  7283 | D:9      | Reached XP level 11. HP: 18/81 MP: 17/19
  7543 | D:9      | Found a transporter.
  7641 | D:9      | Identified the +6 whip of Pisseen {spect, rN+ MP+9}
  7734 | D:9      | Found a sparkling altar of Nemelex Xobeh.
  7735 | D:9      | Found a bloodstained altar of Trog.
  7736 | D:9      | Found a hazy altar of Hepliaklqana.
  7737 | D:9      | Found an iron altar of Okawaru.
  7932 | D:12     | Noticed a boulder beetle
  7935 | D:12     | Noticed a white ugly thing
  7945 | D:11     | Noticed a cyclops
  8002 | D:12     | Found a flickering gateway to a bazaar.
  8012 | D:12     | Reached skill level 9 in Unarmed Combat
  8061 | Bazaar   | Entered a bazaar
  8061 | Bazaar   | Found Ziudataz's Weapon Emporium.
  8061 | Bazaar   | Found Exa Reat's Book Shop.
  8061 | Bazaar   | Found Yxafem's General Store.
  8061 | Bazaar   | Found Nareydgh's Assorted Antiques.
  8063 | Bazaar   | Found Jiot's Magic Scroll Shoppe.
  8063 | Bazaar   | Found Plog's Armour Boutique.
  8098 | Bazaar   | Bought a scroll of identify for 20 gold pieces
  8098 | Bazaar   | Bought a scroll of enchant weapon for 75 gold pieces
  8098 | Bazaar   | Bought a scroll of identify for 20 gold pieces
  8098 | Bazaar   | Bought a scroll of brand weapon for 95 gold pieces
  8104 | Bazaar   | Bought a scroll of identify for 28 gold pieces
  8104 | Bazaar   | Bought a scroll of amnesia for 56 gold pieces
  8118 | Bazaar   | Bought an Inescapable Atlas for 240 gold pieces
  8121 | Bazaar   | Bought a scroll of enchant armour for 180 gold pieces
  8182 | D:10     | Learned a level 2 spell: Blink
  8490 | D:10     | Reached skill level 5 in Conjurations
  8490 | D:10     | Reached skill level 5 in Hexes
  8490 | D:10     | Reached skill level 5 in Summonings
  8490 | D:10     | Reached skill level 5 in Necromancy
  8490 | D:10     | Reached skill level 5 in Translocations
  8490 | D:10     | Reached skill level 5 in Transmutations
  8490 | D:10     | Reached skill level 5 in Fire Magic
  8490 | D:10     | Reached skill level 5 in Ice Magic
  8490 | D:10     | Reached skill level 5 in Air Magic
  8490 | D:10     | Reached skill level 5 in Earth Magic
  8490 | D:10     | Reached skill level 5 in Poison Magic
  8551 | D:12     | Noticed a manticore
  8558 | D:12     | Killed a manticore
  8668 | D:11     | Found Vohygu's Antique Armour Boutique.
  8770 | D:11     | Killed a boulder beetle
  8829 | D:11     | Killed a cyclops
  8852 | D:11     | Reached **** piety under Wu Jian
  8873 | D:11     | Learned a level 3 spell: Ignite Poison
  8921 | D:11     | Noticed a purple ugly thing
  8939 | D:11     | Killed a white ugly thing
  8941 | D:11     | Noticed a cyclops
  8950 | D:11     | Killed a cyclops
  9177 | D:11     | Found a staircase to the Lair.
  9462 | D:11     | Killed a purple ugly thing
  9963 | D:12     | Noticed a cyclops
  9972 | D:12     | Killed a cyclops
 10232 | D:14     | Noticed a red ugly thing
 10232 | D:14     | Noticed a red ugly thing
 10232 | D:14     | Noticed a red ugly thing
 10232 | D:14     | Noticed a red ugly thing
 10233 | D:14     | Noticed a red ugly thing
 10324 | D:14     | Noticed Kirke
 10324 | D:14     | Noticed a manticore
 10324 | D:14     | Noticed a manticore
 10392 | D:13     | Noticed Nessos
 10408 | D:13     | Killed Nessos
 10459 | D:13     | Reached XP level 12. HP: 81/91 MP: 22/22
 10463 | D:13     | Noticed a soul eater
 11468 | D:11     | Bought a pair of embroidered boots for 187 gold pieces
 11539 | Lair:1   | Entered Level 1 of the Lair of Beasts
 11577 | Lair:1   | Noticed Sonja
 11596 | Lair:1   | Killed Sonja
 11787 | Lair:1   | Identified the amulet of Onoxkatt {Acrobat Rampage *Slow
                  | rPois Str+8}
 11907 | Lair:1   | Reached skill level 10 in Unarmed Combat
 12606 | Lair:2   | Noticed a death yak
 12606 | Lair:2   | Noticed a death yak
 12607 | Lair:2   | Noticed a death yak
 12611 | Lair:2   | Noticed a death yak
 12613 | Lair:2   | Noticed a death yak
 12613 | Lair:2   | Noticed a death yak
 12622 | Lair:2   | Killed a death yak
 12627 | Lair:2   | Killed a death yak
 12631 | Lair:2   | Killed a death yak
 12711 | Lair:1   | Killed a death yak
 12712 | Lair:1   | Reached XP level 13. HP: 78/99 MP: 23/25
 12739 | Lair:2   | Reached ***** piety under Wu Jian
 12758 | Lair:1   | Reached skill level 10 in Shapeshifting
 13599 | Lair:3   | Found a staircase to the Shoals.
 13805 | Lair:3   | Found a hole to the Spider Nest.
 14826 | Lair:4   | Learned a level 5 spell: Agony
 14831 | Lair:4   | Learned a level 4 spell: Animate Dead
 15386 | Lair:4   | Reached skill level 10 in Dodging
 15386 | Lair:4   | Reached skill level 11 in Unarmed Combat
 15718 | Lair:4   | HP: 5/151 [lindwurm (6)]
 15756 | Lair:4   | Identified the +5 scale mail of the Lumpy Friends {Fly
                  | rElec}
 16008 | Lair:5   | Entered Level 5 of the Lair of Beasts
 16106 | Lair:5   | Found a gate leading to a gauntlet.
 16116 | Lair:5   | Reached XP level 14. HP: 104/108 MP: 22/27
 16169 | Gauntlet | Entered a Gauntlet
 16169 | Gauntlet | Found a transporter.
 16323 | Gauntlet | Found a transporter.
 16325 | Gauntlet | Found a transporter.
 16338 | Gauntlet | Found a runed translucent gate.
 16338 | Gauntlet | Found a runed translucent gate.
 16338 | Gauntlet | Found a runed translucent gate.
 16340 | Gauntlet | Found a transporter.
 16342 | Gauntlet | Found a transporter.
 16358 | Gauntlet | Found a transporter.
 16370 | Gauntlet | Found a transporter.
 16380 | Gauntlet | Found a transporter.
 16387 | Gauntlet | Found a runed translucent door.
 16391 | Gauntlet | Found a transporter.
 16405 | Gauntlet | Found a transporter.
 16418 | Gauntlet | Found a runed translucent door.
 16420 | Gauntlet | Found a transporter.
 16420 | Gauntlet | Found a transporter.
 16424 | Gauntlet | Found a runed translucent door.
 16586 | Gauntlet | Found a transporter.
 16630 | Gauntlet | Reached skill level 10 in Invocations
 16630 | Gauntlet | Reached XP level 15. HP: 115/115 MP: 28/28
 16631 | Gauntlet | Reached skill level 10 in Fighting
 16631 | Gauntlet | Reached XP level 16. HP: 122/122 MP: 29/29
 16661 | Gauntlet | Identified the +1 helmet of Imperfection {rC+}
 16672 | Gauntlet | Identified the ring of Ru's Fury {rPois rF+}
 16907 | Gauntlet | Got the Discursus on Topological Venom
 17555 | Lair:5   | Identified the +0 leather armour of Serendipity {Will+
                  | Str+4}
 17724 | Lair:5   | Reached skill level 10 in Short Blades
 17724 | Lair:5   | Reached skill level 10 in Long Blades
 17724 | Lair:5   | Reached skill level 10 in Axes
 17724 | Lair:5   | Reached skill level 10 in Maces & Flails
 17724 | Lair:5   | Reached skill level 10 in Polearms
 17724 | Lair:5   | Reached skill level 10 in Staves
 17724 | Lair:5   | Reached skill level 10 in Ranged Weapons
 17724 | Lair:5   | Reached skill level 10 in Throwing
 17724 | Lair:5   | Reached skill level 10 in Armour
 17724 | Lair:5   | Reached skill level 10 in Stealth
 17724 | Lair:5   | Reached skill level 10 in Shields
 17724 | Lair:5   | Reached skill level 10 in Spellcasting
 17724 | Lair:5   | Reached skill level 10 in Evocations
 17754 | Lair:5   | Reached skill level 12 in Unarmed Combat
 17755 | Lair:5   | Reached ****** piety under Wu Jian
 18119 | Lair:5   | Found a runed translucent door.
 18119 | Lair:5   | Found a viscous altar of Jiyva.
 18122 | Lair:5   | Noticed an azure jelly
 18122 | Lair:5   | Noticed an azure jelly
 18126 | Lair:5   | Found a staircase to the Slime Pits.
 18309 | Lair:5   | Killed an azure jelly
 18313 | Lair:5   | Killed an azure jelly
 19110 | D:14     | Found a gate to the Vaults.
 19373 | D:14     | Killed Kirke
 19441 | D:15     | Entered Level 15 of the Dungeon
 19455 | D:15     | Found a runed translucent door.
 20837 | D:15     | Noticed Rupert
 20867 | D:14     | Killed Rupert
 21573 | D:15     | Found a blossoming altar of Fedhas.
 21577 | D:15     | Noticed Josephine
 21582 | D:15     | Reached XP level 17. HP: 106/131 MP: 25/31
 21603 | D:15     | Killed Josephine
 21748 | D:15     | Found a staircase to the Depths.
 21959 | D:15     | Noticed Louise
 21959 | D:15     | Identified the +7 arbalest "Mounoi" {heavy, SInv}
 21970 | D:15     | Your ally Josephine died
 21973 | D:15     | Killed from afar by a crystal guardian

Illustrated notes

Levels and vault maps discovered:
D:1:      dpeg_arrival_central, layout_basic, serial_glass, glass_columns_c,
          glass_columns_a, roderic_serpentine_path, minmay_pentomino_o4
D:2:      layout_rooms, basic_altar, shapermc_ecumenical_altar_mp_highgroup
D:3:      layout_loops_cross, grunt_decor_one_mirror, uniq_natasha, uniq_sigmund
D:4:      layout_rooms, serial_shops, shop, minmay_surrounded
D:5:      layout_loops_ring, uniq_duvessa, uniq_grinder
D:6:      layout_cave_pools, minmay_temple_entry_grid, hangedman_decor_opposing
D:7:      layout_rooms, corexii_checkpoint, uniq_pikel
D:8:      layout_gridville, zin_angel, chequers_jeans
D:9:      layout_irregular_city, mainiacjoe_overflow_alcove_3, orc_0_dummy,
          small_statue_alley_b, nicolae_diode_basic
D:10:     layout_loops_ring
D:11:     layout_stronghold, lair_entry_dummy, serial_shops, shop
D:12:     layout_layer_cave, serial_shops, bzr_entry_gold,
          hangedman_abyss_or_decor_lesser_grid, feat_on_display
D:13:     layout_cave_pods, serial_bayou_pond_e, uniq_nessos
D:14:     layout_rooms, david_vaults_2, minmay_misc_feat_secret_circle,
          serial_corexii_hall, corexii_hall_statues_l, corexii_hall_statues_i,
          corexii_hall_statues_x, uniq_kirke
D:15:     hangedman_depths_entry_civil_slaughter, layout_loops_ring,
          fedhas_altar_2, minmay_crystal_box, uniq_louise, uniq_rupert,
          uniq_josephine
Temple:   hellmonk_temple_divided_pantheon
Lair:1:   layout_chaotic_city, uniq_sonja
Lair:2:   layout_gridlike, chequers_serial_rivers_room_a
Lair:3:   layout_big_grid, elwin_shoals_entry_rooms,
          hellmonk_spider_entry_life_and_decay
Lair:4:   layout_regular_city, minmay_lindwurm_lava
Lair:5:   grunt_lair_end_beastmaster, layout_cave_pods, slime_entry_2,
          gauntlet_entry_generic

Skill      XL: |  1  2  3  4  5  6  7  8  9 10 11 12 13 14 15 16 |
---------------+-------------------------------------------------+-----
Invocations    | 1 2 3 4 5 6 7 8 9 10 11 | 11.6
Short Blades   | 1 2 3 4 5 6 8 9 10 | 10.7
Long Blades    | 1 2 3 4 5 6 8 9 10 | 10.7
Axes           | 1 2 3 4 5 6 8 9 10 | 10.7
Maces & Flails | 1 2 3 4 5 6 8 9 10 | 10.7
Polearms       | 1 2 3 4 5 6 8 9 10 | 10.7
Staves         | 1 2 3 4 5 6 8 9 10 | 10.7
Ranged Weapons | 1 2 3 4 5 6 8 9 10 | 10.7
Throwing       | 1 2 3 4 5 6 8 9 10 | 10.7
Armour         | 1 2 3 4 5 6 8 9 10 | 10.7
Stealth        | 1 2 3 4 5 6 8 9 10 | 10.7
Shields        | 1 2 3 4 5 6 8 9 10 | 10.7
Spellcasting   | 1 2 3 4 5 6 8 9 10 | 10.7
Evocations     | 1 2 3 4 5 6 8 9 10 | 10.7
Conjurations   | 1 2 3 4 5 6 7 8 9 |  9.0
Hexes          | 1 2 3 4 5 6 7 8 9 |  9.0
Summonings     | 1 2 3 4 5 6 7 8 9 |  9.0
Necromancy     | 1 2 3 4 5 6 7 8 9 |  9.0
Translocations | 1 2 3 4 5 6 7 8 9 |  9.0
Transmutations | 1 2 3 4 5 6 7 8 9 |  9.0
Fire Magic     | 1 2 3 4 5 6 7 8 9 |  9.0
Ice Magic      | 1 2 3 4 5 6 7 8 9 |  9.0
Air Magic      | 1 2 3 4 5 6 7 8 9 |  9.0
Earth Magic    | 1 2 3 4 5 6 7 8 9 |  9.0
Poison Magic   | 1 2 3 4 5 6 7 8 9 |  9.0
Fighting       | 3 4 5 6 7 8 9 10 11 | 11.0
Dodging        | 5 6 7 8 9 10 11 | 11.6
Unarmed Combat | 7 8 9 10 11 12 | 12.5
Shapeshifting  | 7 8 9 10 11 | 11.7

Action                     |  1- 3 |  4- 6 |  7- 9 | 10-12 | 13-15 | 16-18 || total
---------------------------+-------+-------+-------+-------+-------+-------++-------
  Melee: Unarmed           |    60 |    74 |   408 |   622 |   456 |   504 ||  2124
         Bite              |     5 |     4 |    54 |    84 |    55 |    94 ||   296
         Punch             |     4 |     4 |     1 |       |    10 |       ||    19
         Maw               |       |       |       |       |    60 |       ||    60
  Throw: Dart              |       |     2 |       |       |       |       ||     2
   Cast: Call Imp          |       |       |     3 |    12 |       |     8 ||    23
         Summon Lightning  |       |       |       |    10 |     2 |    12 ||    24
         Mephitic Cloud    |       |       |       |     9 |     2 |    13 ||    24
         Ignite Poison     |       |       |       |     4 |       |     6 ||    10
         Blink             |       |       |       |     5 |     1 |     3 ||     9
         Animate Dead      |       |       |       |       |     4 |     4 ||     8
         Agony             |       |       |       |       |       |     1 ||     1
 Invoke: Serpent's Lash    |       |       |       |     1 |       |     1 ||     2
Ability: Lunge             |       |       |    43 |    40 |    12 |    15 ||   110
         Whirlwind         |       |       |    31 |    62 |    42 |    40 ||   175
         Wall Jump         |       |       |    22 |    35 |    25 |    38 ||   120
  Evoke: Wand              |       |       |       |     1 |       |       ||     1
         Lightning rod     |       |       |       |       |     2 |     2 ||     4
    Use: Scroll            |     3 |       |     6 |    16 |     4 |     1 ||    30
         Potion            |       |     1 |     3 |     3 |     5 |     1 ||    13
   Stab: Sleeping          |       |       |     1 |     3 |     3 |       ||     7
         Distracted        |       |       |       |     4 |     1 |     2 ||     7
         Confused          |       |       |       |     1 |       |     4 ||     5
 Armour: Leather armour    |    17 |       |       |       |       |       ||    17
         Animal skin       |     1 |       |       |       |       |       ||     1
         Ring mail         |     4 |    31 |   190 |    42 |       |       ||   267
         Troll leather arm |       |       |       |   338 |   148 |       ||   486
         Skin              |       |       |       |       |    93 |       ||    93
         Scale mail        |       |       |       |       |    55 |     9 ||    64
         Quicksilver drago |       |       |       |       |       |   343 ||   343
  Dodge: Dodged            |    43 |    41 |   256 |   323 |   283 |   281 ||  1227
  Block: Other             |       |       |       |    72 |    75 |    86 ||   233
         Reflection        |       |       |       |     2 |       |     7 ||     9
   Form: Flux              |       |       |     1 |       |     1 |       ||     2
         Maw               |       |       |       |       |     1 |       ||     1

Table legend: (Time is in decaauts)
 A = Elapsed time spent in this place.
 B = Non-inter-level travel time spent in this place.
 C = Inter-level travel time spent in this place.
 D = Time resting spent in this place.
 E = Time spent auto-exploring this place.
 F = Levels seen in this place.
 G = Mean time per level.
                   A        B        C        D        E       F      G
               +--------+--------+--------+--------+--------+-----+--------+
         Total |  22316 |  21502 |    814 |   3278 |   9834 |  23 |  970.3 |
       Dungeon |  15053 |  14497 |    556 |   2133 |   6875 |  15 | 1003.5 |
        Temple |     32 |     32 |      0 |      0 |      0 |   1 |   32.0 |
          Lair |   6393 |   6136 |    257 |    749 |   2959 |   5 | 1278.6 |
        Bazaar |     76 |     76 |      0 |      0 |      0 |   1 |   76.0 |
      Gauntlet |    760 |    760 |      0 |    395 |      0 |   1 |  760.0 |
               +--------+--------+--------+--------+--------+-----+--------+

Top non-repeatable levels by time:
    D:13: 2251 daAuts
  Lair:4: 1741 daAuts
  Lair:5: 1570 daAuts
    D:14: 1382 daAuts
    D:11: 1229 daAuts
    D:15: 1119 daAuts
  Lair:2: 1075 daAuts
  Lair:1: 1062 daAuts
     D:3: 1050 daAuts
    D:10: 971 daAuts
     D:1: 966 daAuts
     D:5: 957 daAuts
     D:9: 948 daAuts
  Lair:3: 943 daAuts
    D:12: 838 daAuts
